 Dungeon Sprint DCSS version 0.21.1-1-g345015f (webtiles) character file.

478 sanboga the Cleaver (level 7, -2/45 HPs)
             Began as a Gargoyle Berserker on May 16, 2018.
             Was a Priest of Trog.
             Slain by a neqoxec (12 damage)
             ... in the Dungeon (Sprint II: "The Violet Keep of Menkaure").
             The game lasted 00:00:59 (236 turns).

sanboga the Cleaver (Gargoyle Berserker)             Turns: 236, Time: 00:00:59

Health: -2/45      AC:  7    Str: 23    XL:     7   Next: 11%
Magic:  7/7        EV: 12    Int:  7    God:    Trog [***...]
Gold:   243        SH:  4    Dex:  7    Spells: 6/6 levels left

rFire    . . .     SeeInvis .   a - +0 hand axe
rCold    . . .     Gourm    .   (no shield)
rNeg     + . .     Faith    .   b - +0 animal skin
rPois    ∞         Spirit   .   (no helmet)
rElec    +         Reflect  .   (no cloak)
rCorr    .         Harm     .   (no gloves)
MR       .....     NoTele   +   (no boots)
Stlth    +.........             (no amulet)
HPRegen  0.15/turn              (no ring)
MPRegen  0.10/turn              (no ring)

@: berserk cooldown, hasted, very quick
A: large bone plates 1, clumsy 1, frail 1, negative energy resistance 1,
electricity resistance, unbreathing, petrification resistance, rot immunity,
subdued magic 1, AC +4
a: Berserk, Trog's Hand, Burn Spellbooks, Renounce Religion


You were in the Dungeon.
You worshipped Trog.
Trog was most pleased with you.
You were not hungry.

You visited 1 branch You collected 243 gold pieces.

Inventory:

Hand Weapons
 a - a +0 hand axe (weapon)
Armour
 b - a +0 animal skin (worn)
Scrolls
 i - a scroll of blinking
Potions
 e - a potion of heal wounds
 g - 2 potions of magic
 h - a potion of berserk rage
Comestibles
 c - a ration


   Skills:
 + Level 8.8 Fighting
 * Level 10.0 Axes
 + Level 8.4 Armour
 - Level 1.5 Dodging


You had 6 spell levels left.
You didn't know any spells.

Dungeon Overview and Level Annotations

Branches:
Dungeon (1/1)

Altars:


Innate Abilities, Weirdness & Mutations

You are resistant to torment.
Your stone body is resilient. (AC +4)
You are immune to poison.
You resist negative energy. (rN+)
You are resistant to electric shocks. (rElec)
You can survive without breathing.
You are immune to petrification.
You are immune to rotting.
You are partially covered in large bone plates. (SH +4)
You are clumsy. (Dex -2)
You are frail. (-10% HP)
Your spells are a little easier to cast, but a little less powerful.


Message History

You closely miss the neqoxec.
The neqoxec is moderately wounded.
The neqoxec hits you!
* * * LOW HITPOINT WARNING * * *
You hit the neqoxec.
The neqoxec is heavily wounded.
Your skin stops crawling.
You feel less resistant to hostile enchantments.
You hit the neqoxec but do no damage.
The neqoxec is heavily wounded.
The neqoxec hits you.
* * * LOW HITPOINT WARNING * * *
You closely miss the neqoxec.
The neqoxec is heavily wounded.
The neqoxec closely misses you.
You hit the neqoxec.
The neqoxec is heavily wounded.
You feel yourself speed up. The neqoxec hits you!
You die... ## ## .# #. ### H#H

## ##†# #+#
##..#
#..###.###
5#..#
+##.'†<.'##55.
#..###.##.#3#
##.# #+###@#
### ###


You could see a neqoxec, an iron imp, a crimson imp and a shadow imp.

Vanquished Creatures
  3 neqoxecs (D)
  4 worker ants (D)
7 creatures vanquished.

Vanquished Creatures (others)
  Menkaure (D)
  A crocodile (D)
2 creatures vanquished.

Grand Total: 9 creatures vanquished

Notes
Turn   | Place    | Note
-------+----------+-------------------------------------------
     0 | D        | sanboga the Gargoyle Berserker began the quest for the Orb.
     0 | D        | Reached XP level 1. HP: 14/14 MP: 1/1
     1 | D        | Noticed a worker ant
     1 | D        | Noticed a worker ant
     4 | D        | Killed a worker ant
     4 | D        | Reached skill level 4 in Axes
     4 | D        | Reached XP level 2. HP: 20/20 MP: 2/2
     4 | D        | Reached XP level 3. HP: 24/24 MP: 3/3
     9 | D        | Reached skill level 5 in Fighting
     9 | D        | Reached skill level 5 in Axes
    21 | D        | Killed Menkaure
    46 | D        | Killed a crocodile
    62 | D        | Reached ** piety under Trog
    62 | D        | Reached XP level 4. HP: 21/31 MP: 4/4
   168 | D        | Reached skill level 6 in Axes
   168 | D        | Reached skill level 5 in Armour
   179 | D        | Noticed a hippogriff
   179 | D        | Noticed a hippogriff
   183 | D        | Noticed a neqoxec
   183 | D        | Noticed a neqoxec
   195 | D        | Killed a neqoxec
   195 | D        | Reached skill level 8 in Axes
   195 | D        | Reached XP level 5. HP: 38/38 MP: 5/5
   195 | D        | Reached XP level 6. HP: 44/44 MP: 6/6
   201 | D        | Killed a neqoxec
   201 | D        | Reached *** piety under Trog
   201 | D        | Reached skill level 9 in Axes
   203 | D        | Noticed a neqoxec
   204 | D        | Gained mutation: You are partially covered in large bone plates. (SH +4) [a neqoxec]
   205 | D        | Gained mutation: You are clumsy. (Dex -2) [a neqoxec]
   215 | D        | Noticed a neqoxec
   215 | D        | Gained mutation: Your spells are a little easier to cast, but a little less powerful. [a neqoxec]
   225 | D        | Killed a neqoxec
   225 | D        | Reached skill level 10 in Axes
   225 | D        | Reached XP level 7. HP: 23/50 MP: 7/7
   231 | D        | Gained mutation: You are frail. (-10% HP) [a neqoxec]
   236 | D        | Slain by a neqoxec

Skill      XL: |  1  2  3  4  5  6 |
---------------+-------------------+-----
Fighting       | 4 5 7 8 |  8.8
Axes           | 4 5 8 10 | 10.0
Armour         | 3 4 6 8 |  8.4
Dodging        | |  1.5

Action                   |  1- 3 |  4- 6 |  7- 9 || total
-------------------------+-------+-------+-------++-------
Melee: Hand axe          |    10 |    44 |    10 ||    64
Invok: Berserk           |     1 |     1 |       ||     2
       Trog's Hand       |       |     1 |       ||     1
  Use: Potion            |       |     1 |     1 ||     2
Armor: Animal skin       |     1 |    17 |       ||    18
Dodge: Dodged            |     4 |    22 |     2 ||    28
Block: Other             |       |     2 |       ||     2
